 Dungeon Crawl Stone Soup version 0.31-b1-22-gc680215f68 (webtiles) character file.

Game seed: 13644626729036666009

322 H0rd4k the Insei (level 6, -5/40 HPs)
             Began as an Octopode Artificer on Jan 18, 2024.
             Slain by an iguana (10 damage)
             ... on level 4 of the Dungeon.
             The game lasted 00:02:52 (3060 turns).

H0rd4k the Insei (Octopode Artificer)               Turns: 3060, Time: 00:02:52

Health: -5/40      AC:  1    Str: 11    XL:     6   Next: 47%
Magic:  6/6        EV: 13    Int: 15    God:
Gold:   206        SH:  0    Dex: 13    Spells: 5/5 levels left

rFire   . . .        l - +2 short sword (venom)
rCold   . . .        (no shield)
rNeg    . . .        (helmet restricted)
rPois   .            (no amulet)
rElec   .            (no ring)
rCorr   .            (no ring)
SInv    .            (no ring)
Will    .....        (no ring)
Stlth   +++          (no ring)
HPRegen 0.26/turn    (no ring)
MPRegen 0.10/turn    (no ring)
                     (no ring)

%: no passive effects
@: no status effects
A: almost no armour, amphibious, 8 rings, camouflage 1, gelatinous body 1,
(nimble swimmer 1), tentacles
a: no special abilities


You were on level 4 of the Dungeon.
You visited 1 branch of the dungeon, and saw 4 of its levels.

You collected 206 gold pieces.

Inventory:

Hand Weapons
 l - a +2 short sword of venom (weapon)
Wands
 b - a wand of flame (15) (quivered)
 c - a wand of charming (15)
 d - a wand of iceblast (5)
Scrolls
 a - a scroll of blinking {unknown}
 e - 2 scrolls of fear {unknown}
 f - a scroll of vulnerability {unknown}
 g - 2 scrolls of identify {unknown}
 i - a scroll of fog {unknown}
 j - a scroll of teleportation {unknown}
 m - a scroll of enchant armour {unknown}
 n - a scroll of poison {unknown}
 o - a scroll of amnesia {unknown}
Potions
 h - a potion of curing {unknown}
 k - a potion of ambrosia {unknown}


   Skills:
 + Level 2.3 Fighting
 + Level 0.9 Short Blades
 - Level 2.3 Dodging
 - Level 1.3 Stealth
 + Level 5.6 Unarmed Combat
 - Level 3.2 Evocations


You had 5 spell levels left.
You didn't know any spells.
Your spell library contained the following spells:

 Spells                   Type           Power      Damage    Failure   Level
 Vhi's Electric Charge    Tloc/Air       0%         N/A       95%         4
 Arcjolt                  Conj/Air       0%         1d10      100%        5
 Plasma Beam              Fire/Air       0%         2x1d10    100%        6


Dungeon Overview and Level Annotations

Branches:
Dungeon (4/15)
 Temple: D:4-7

Altars:
Makhleb

Shops:
D:1 ([([


Innate Abilities, Weirdness & Mutations

You cannot wear most types of armour.
You are amphibious.
You can wear up to eight rings at the same time.
Your skin changes colour to match your surroundings (Stealth+).
Your rubbery body absorbs attacks. (AC +1, EV +1)
((You are camouflaged when in or above water. (Stealth+)))
You have tentacles for arms and can constrict up to eight enemies at once.


Message History

There are monsters nearby!
There are monsters nearby!
A gnoll, a hound and 2 iguanas come into view.
The gnoll is wielding a +0 spear and quivering a throwing net.
Found a scroll labelled UNUZXOV VEBATHILU.
The gnoll shouts! x2
The hound moves out of view.
The iguana hisses angrily.
You hear a bark!
Found a scroll labelled UNUZXOV VEBATHILU.
The iguana hisses angrily.
You hit the iguana.
The iguana is poisoned.
Your grab misses the iguana.
The iguana is lightly wounded.
The iguana barely misses you.
You closely miss the iguana. You grab the iguana. You squeeze the iguana.
The iguana is moderately wounded.
You constrict the iguana, but do no damage.
The iguana barely misses you.
You hit the iguana.
The iguana looks as sick as possible!
The iguana is heavily wounded.
You constrict the iguana, but do no damage.
The iguana barely misses you.
You hit the iguana.
The iguana looks as sick as possible!
You tentacle-slap the iguana.
The iguana is almost dead.
You constrict the iguana, but do no damage.
You kill the iguana!
The hound misses you. The hound barely misses you.
The gnoll hits you with a +0 flail! The gnoll attacks as it pursues you!
The gnoll hits you with a +0 flail! The hound bites you.
You see here an iguana corpse.
Found a scroll labelled IRAGUT WEACOPA.
The gnoll attacks as it pursues you! The gnoll closely misses you.
The iguana attacks as it pursues you! The iguana completely misses you.
The gnoll attacks as it pursues you! The gnoll closely misses you.
The hound bites you. The gnoll attacks as it pursues you!
The gnoll hits you with a +0 flail!
* * * LOW HITPOINT WARNING * * *
The iguana attacks as it pursues you! The iguana bites you!
You die...

....#......#.#.........
..........._..........
.......#..#....#......
#...#.....####.....
#......†...#....#..
#.gg##.......##.#)#
#...##......###.#)<
######lhg.[.....## #.##<
.......@.....#### #.###
..?.....##.### ###.# #
##....#.##.# #...# #
#...?.....# ##.###
......... ######..#####
........#...#...........
......#####........#####
...... ........##
###.....#


You could see an iguana, a hound and 3 gnolls.

Vanquished Creatures
  A bombardier beetle (D:3)
  2 orc priests
  2 iguanas
  An orc wizard (D:3)
  3 gnolls (D:4)
  5 adders
  3 dart slugs
  A ribbon worm (D:2)
  4 orcs
  4 endoplasms
  5 giant cockroaches
  4 goblins
  9 hobgoblins
  4 kobolds
  2 quokkas
  2 ball pythons
  6 bats
  A frilled lizard (D:1)
  9 rats
68 creatures vanquished.

Notes
Turn   | Place    | Note
-------+----------+-------------------------------------------
     0 | D:1      | H0rd4k the Octopode Artificer began the quest for the Orb.
     0 | D:1      | Reached XP level 1. HP: 13/13 MP: 1/1
   110 | D:1      | Found Musunla's Antique Armour Shop.
   139 | D:1      | Reached skill level 1 in Unarmed Combat
   141 | D:1      | Reached XP level 2. HP: 15/18 MP: 2/2
   169 | D:1      | Found Imiajo's Antique Armour Shop.
   233 | D:1      | Found Elussic's Weapon Emporium.
   305 | D:1      | Found Eweer's Weapon Shoppe.
   365 | D:1      | Reached skill level 2 in Unarmed Combat
   451 | D:1      | Reached XP level 3. HP: 23/23 MP: 3/3
  1086 | D:2      | Reached skill level 3 in Unarmed Combat
  1330 | D:2      | Reached XP level 4. HP: 24/28 MP: 4/4
  1654 | D:2      | Reached skill level 4 in Unarmed Combat
  1654 | D:2      | Reached XP level 5. HP: 4/34 MP: 5/5
  1790 | D:3      | HP: 1/34 [poisoned by an orc]
  2068 | D:3      | Reached skill level 5 in Unarmed Combat
  2200 | D:3      | Reached XP level 6. HP: 31/39 MP: 6/6
  2350 | D:3      | Found a faded altar of an unknown god.
  3043 | D:4      | Found a burning altar of Makhleb.
  3060 | D:4      | Slain by an iguana

Illustrated notes

Levels and vault maps discovered:
D:1:      sevenhm_arrival_forest_fort_large_4, layout_loops_ring, serial_shops,
          shop, shop, nicolae_shop_bloodbath_and_beyond, shop, minmay_unequal
D:2:      layout_basic
D:3:      layout_basic, chequers_ecumenical_altar_twisty
D:4:      layout_rooms, overflow_temple_1_default,
          mainiacjoe_overflow_large_starburst, small_statue_intersection,
          chequers_decorated_corner, nicolae_shop_firing_range

Skill      XL: |  1  2  3  4  5 |
---------------+----------------+-----
Unarmed Combat | 1 2 3 4 5 |  5.6
Fighting       | 2 |  2.3
Short Blades   | |  0.9
Dodging        | |  2.3
Stealth        | |  1.3
Evocations     | |  3.2

Action                     |  1- 3 |  4- 6 || total
---------------------------+-------+-------++-------
  Melee: Unarmed           |    78 |    26 ||   104
         Constrict         |    26 |    21 ||    47
         Tentacles         |    21 |    20 ||    41
         Punch             |     3 |     9 ||    12
         Short sword       |       |    50 ||    50
   Stab: Sleeping          |    11 |     5 ||    16
 Armour: Skin              |    29 |    32 ||    61
  Dodge: Dodged            |    51 |    47 ||    98
